 Dungeon Crawl Stone Soup version 0.31-a0-654-gbe3e110b4e (webtiles) character file.

Game seed: 16054172931131473899

3635 Sanktem7 the Cleaver (level 9, -16/81 HPs)
             Began as a Minotaur Fighter on Aug 29, 2023.
             Was an Elder of Okawaru.
             Demolished by a boulder beetle (17 damage)
             ... on level 8 of the Dungeon.
             The game lasted 00:09:36 (7733 turns).

Sanktem7 the Cleaver (Minotaur Fighter)             Turns: 7733, Time: 00:09:37

Health: -16/81     AC: 20    Str: 24    XL:     9   Next: 87%
Magic:  8/8        EV:  7    Int:  5    God:    Okawaru [****..]
Gold:   419        SH:  5    Dex: 11    Spells: 8/8 levels left

rFire   . . .        a - +1 war axe {axe}
rCold   . . .        c - +0 buckler
rNeg    . . .        i - +0 plate armour
rPois   +            (helmet restricted)
rElec   .            (no cloak)
rCorr   .            (no gloves)
SInv    .            k - +2 pair of boots
Will    .....        (no amulet) Stlth
                     v - +4 ring of protection
HPRegen 0.33/turn    o - ring of poison resistance
MPRegen 0.11/turn

%: no passive effects
@: no status effects
A: horns 2, retaliatory headbutt
a: Renounce Religion, Heroism, Finesse


You were on level 8 of the Dungeon.
You worshipped Okawaru.
Okawaru was greatly pleased with you.
You visited 1 branch of the dungeon, and saw 8 of its levels.

You collected 419 gold pieces.


Innate Abilities, Weirdness & Mutations

You have a pair of horns on your head.
You reflexively headbutt those who attack you in melee.


   Skills:
 + Level 7.9 Fighting
 * Level 10.3 Axes
 + Level 5.3 Throwing
 + Level 7.7 Armour
 + Level 7.8 Shields


You had 8 spell levels left.
You didn't know any spells.
Your spell library contained the following spells:

 Spells                   Type           Power      Damage    Failure   Level
 Slow                     Hex            0%         N/A       100%        1
 Blink                    Tloc           0%         N/A       100%        2
 Lesser Beckoning         Tloc           0%         N/A       100%        2
 Momentum Strike          Conj/Tloc      0%         3d8       100%        2
 Confusing Touch          Hex            0%         N/A       100%        3
 Dazzling Flash           Conj/Hex       0%         N/A       100%        3
 Gell's Gravitas          Tloc           0%         N/A       100%        3
 Teleport Other           Tloc           0%         N/A       100%        3
 Vampiric Draining        Necr           0%         2d6       100%        3
 Volatile Blastmotes      Fire/Tloc      0%         2d10      100%        3
 Manifold Assault         Tloc           0%         N/A       100%        4
 Dispersal                Tloc           0%         N/A       100%        6
 Starburst                Conj/Fire      0%         6d3       100%        6
 Maxwell's Capacitive Co  Air            0%         ∞         100%        8

Inventory:

Hand Weapons
 a - a +1 war axe (weapon) {axe}
 f - the +8 spear of the Grave {heavy, Str+3 SInv, polearm}
   (You found it on level 6 of the Dungeon)

   Str+3:     It affects your strength (+3).
   SInv:      It lets you see invisible.
 u - a +2 heavy flail {mace}
   (You found it on level 2 of the Dungeon)
 D - a +0 trident of venom {polearm}
   (You took it off a gnoll sergeant on level 7 of the Dungeon)
Missiles
 e - 75 stones {throwing}
 n - 6 boomerangs {throwing}
 q - 4 silver javelins {throwing}
 x - 11 poisoned darts {throwing}
 J - 3 atropa-tipped darts {throwing}
Armour
 c - a +0 buckler (worn)
 i - a +0 plate armour (worn)
   (You found it on level 1 of the Dungeon)
 k - a +2 pair of boots (worn)
   (You found it on level 5 of the Dungeon)
 G - a +2 cloak
   (You found it on level 7 of the Dungeon)
Jewellery
 o - a ring of poison resistance (right hand)
   (You found it on level 2 of the Dungeon)
 v - a +4 ring of protection (left hand)
   (You found it on level 6 of the Dungeon)
 y - a +5 ring of evasion
   (You found it on level 3 of the Dungeon)
Wands
 r - a wand of flame (16)
   (You found it on level 6 of the Dungeon)
 A - a wand of mindburst (3)
   (You found it on level 6 of the Dungeon)
 F - a wand of light (6)
   (You found it on level 7 of the Dungeon)
 H - a wand of roots (2)
   (You found it on level 7 of the Dungeon)
Scrolls
 b - 4 scrolls of teleportation {@r4}
 g - a scroll of vulnerability {!r!r}
 h - a scroll of enchant armour
 l - a scroll of enchant weapon
 w - a scroll of poison {unknown}
 C - a scroll of identify {@r1}
 E - a scroll of revelation {unknown}
Potions
 d - 2 potions of might
 j - a potion of resistance {unknown}
 m - a potion of magic {unknown}
 p - 2 potions of haste {@q3}
 s - 3 potions of brilliance
 t - 5 potions of curing {@q1}
 z - 4 potions of heal wounds {unknown}
 B - a potion of berserk rage {unknown}
 I - a potion of ambrosia {unknown}

Dungeon Overview and Level Annotations

Branches:
Dungeon (8/15) Zot: 26103  Temple (0/1) D:4
   Lair: D:8-11

Altars:
Ashenzari
Kikubaaqudgha
Nemelex Xobeh
Okawaru
Vehumet
Zin

Shops:
D:1 ?[( D:8

= ##........##.###.###.###.##..
#..÷.......######.......#####
#.........## #....####
###.......## #...## #.........#
#...# ###
####.##......########...#######..
#................................
#.######.#############.##########
#......#.#......@....#.#..)....°°
..####.#.#.####B####.#.#.####B###
..#....#.#....#°#....#.#....#.#..
..#.####.####.#.#.####.####.#.#.#
..#...........#)#...........#.#.○
..#############.#############.###
.................°°°.............
......####.........#.#####.######
.###### #########...####.##


You could see a boulder beetle.


Message History

You hit the boulder beetle but do no damage.
The boulder beetle bites you! 😕 HP[-16]
You take 16 damage, and now have 64/81 hp.
You hit the boulder beetle but do no damage.
The boulder beetle bites you. 😕 HP[-3]
You take 3 damage, and now have 61/81 hp.
You hit the boulder beetle but do no damage.
The boulder beetle leaps! 😕 HP[+1]
The boulder beetle attacks as it pursues you!
The boulder beetle bites you. 😮 HP[-6]
You take 6 damage, and now have 56/81 hp.
You hit the boulder beetle.
You headbutt the boulder beetle, but do no damage.
The boulder beetle bites you but does no damage.
You hit the boulder beetle but do no damage.
You headbutt the boulder beetle. The boulder beetle bites you. 😮 HP[-1]
You take 1 damage, and now have 55/81 hp.
You hit the boulder beetle but do no damage.
The boulder beetle bites you! 😮 HP[-10]
You take 10 damage, and now have 45/81 hp.
You slash the boulder beetle! The boulder beetle bites you!
* * * LOW HITPOINT WARNING * * *
😨 HP[-12]
You take 12 damage, and now have 33/81 hp.
You hit the boulder beetle but do no damage.
The boulder beetle bites you.
* * * LOW HITPOINT WARNING * * *
😨 HP[-2]
You take 2 damage, and now have 31/81 hp.
You hit the boulder beetle but do no damage.
The boulder beetle bites you but does no damage.
You barely miss the boulder beetle. The boulder beetle bites you.
* * * LOW HITPOINT WARNING * * *
😨 HP[-2]
You take 2 damage, and now have 29/81 hp.
You hit the boulder beetle.
The boulder beetle bites you but does no damage. 😨 HP[+1]
The boulder beetle attacks as it pursues you!
The boulder beetle bites you but does no damage.
The boulder beetle bites you but does no damage.
You see here 2 poisoned darts {throwing}. 😨 HP[+1]
The boulder beetle curls into a ball and begins rolling! 😨 HP[+1]
The boulder beetle hits you!!
* * * LOW HITPOINT WARNING * * *
The boulder beetle stops rolling and uncurls. 😱 HP[-21]
You take 21 damage, and now have 11/81 hp.
MASSIVE DAMAGE!! (PAUSE)
The boulder beetle attacks as it pursues you!
The boulder beetle bites you!
* * * LOW HITPOINT WARNING * * *
😱 HP[-7]
You take 7 damage, and now have 4/81 hp. 😱 HP[+1]
The boulder beetle curls into a ball and begins rolling! 😱 HP[+1]
The boulder beetle attacks as it pursues you!
The boulder beetle hits you but does no damage.
The boulder beetle stops rolling and uncurls.
The boulder beetle bites you but does no damage. 😱 HP[+1]
The boulder beetle attacks as it pursues you!
The boulder beetle barely misses you.
The boulder beetle curls into a ball and begins rolling! 😱 HP[+1]
The boulder beetle attacks as it pursues you!
The boulder beetle barely misses you. You furiously retaliate!
You headbutt the boulder beetle.
The boulder beetle stops rolling and uncurls. 😱 HP[+1]
The boulder beetle leaps! 😱 HP[+1] 😱 HP[+1] 😱 HP[+1]
The boulder beetle curls into a ball and begins rolling! 😱 HP[+1] 😱 HP[+1]
You block the boulder beetle's attack.
The boulder beetle stops rolling and uncurls.
Things that are here:
a +0 dagger {short}; a +0 robe; 😱 HP[+1]
The boulder beetle curls into a ball and begins rolling!
Items here: ))) [[[. 😱 HP[+1]
The boulder beetle hits you!
* * * LOW HITPOINT WARNING * * *
The boulder beetle stops rolling and uncurls. 😱 HP[-15]
You take 15 damage, and now have 1/81 hp.
The boulder beetle bites you!
You die...

Skill      XL: |  1  2  3  4  5  6  7  8  9 |
---------------+----------------------------+-----
Fighting       | 4 5 7 |  7.9
Axes           | 3 4 5 7 8 10 | 10.3
Armour         | 4 5 6 7 |  7.7
Shields        | 4 5 6 7 |  7.8
Throwing       | 1 2 3 4 5 |  5.3

Action                     |  1- 3 |  4- 6 |  7- 9 || total
---------------------------+-------+-------+-------++-------
  Melee: War axe           |    45 |   114 |   254 ||   413
         Headbutt          |     9 |    23 |    48 ||    80
    Use: Scroll            |       |       |    11 ||    11
         Potion            |       |       |     2 ||     2
 Armour: Scale mail        |     6 |       |       ||     6
         Plate armour      |    22 |    67 |   153 ||   242
  Dodge: Dodged            |    10 |    37 |   112 ||   159
  Block: Buckler           |    10 |    23 |    66 ||    99

Levels and vault maps discovered:
D:1:      minmay_arrival_pointy, layout_loops_ring,
          chequers_ecumenical_altar_island, serial_shops,
          nicolae_shop_scrapyard, nicolae_shop_rolled_up,
          nicolae_shop_window_shopping
D:2:      layout_rooms, chequers_decorated_corner, uniq_natasha
D:3:      layout_loops_ring, overflow_temple_1_default, minmay_misc_feat_encased
D:4:      layout_loops_ring, nemelex_diamond_rough_becter,
          minmay_temple_entry_offerings
D:5:      layout_basic, amcnicky_altar_gilded, kennysheep_little_box,
          gammafunk_temple_overflow_wave, nicolae_underground_beach
D:6:      layout_loops_ring
D:7:      layout_gridville, uniq_joseph
D:8:      layout_layer_cave, nicolae_shop_unique_rings, roderic_lattice_a,
          nicolae_concentric_dashed_squares_mild, st_stairs_4,
          columned_hall_lemuel

Notes
Turn   | Place    | Note
-------+----------+-------------------------------------------
     0 | D:1      | Sanktem7 the Minotaur Fighter began the quest for the Orb.
     0 | D:1      | Reached XP level 1. HP: 19/19 MP: 0/0
     0 | D:1      | magus.rc [v1.9.6]
   103 | D:1      | Found a faded altar of an unknown god.
   302 | D:1      | Found Sitigiurot's Magic Scroll Boutique.
   399 | D:1      | Found Epoer's Weapon Emporium.
   454 | D:1      | Reached XP level 2. HP: 27/27 MP: 1/1
   455 | D:1      | Found Munt's Armour Shoppe.
   514 | D:1      | You add the spells Blink and Manifold Assault to your
                  | library.
   751 | D:2      | You pick up a book of Spatial Translocations and begin
                  | reading...
   751 | D:2      | You add the spells Momentum Strike and Lesser Beckoning to
                  | your library.
   779 | D:2      | Noticed Natasha
   795 | D:2      | Killed Natasha
   796 | D:2      | Reached skill level 4 in Fighting
   796 | D:2      | Reached skill level 3 in Axes
   796 | D:2      | Reached skill level 4 in Armour
   796 | D:2      | Reached skill level 4 in Shields
   796 | D:2      | Reached XP level 3. HP: 14/33 MP: 2/2
  1143 | D:2      | Reached XP level 4. HP: 36/40 MP: 3/3
  1273 | D:2      | Noticed Natasha
  1285 | D:2      | Killed Natasha
  1286 | D:2      | Reached skill level 4 in Axes
  1351 | D:2      | Noticed Natasha
  1355 | D:2      | Killed Natasha
  1407 | D:3      | Found an iron altar of Okawaru.
  1414 | D:3      | Became a worshipper of Warmaster Okawaru
  1451 | D:3      | Noticed a scorpion
  1458 | D:3      | Killed a scorpion
  1459 | D:3      | Reached skill level 1 in Throwing
  1459 | D:3      | Reached XP level 5. HP: 43/47 MP: 4/4
  1621 | D:3      | You pick up a book of Displacement and begin reading...
  1621 | D:3      | You add the spells Gell's Gravitas and Teleport Other to
                  | your library.
  1902 | D:3      | You pick up a book of Debilitation and begin reading...
  1902 | D:3      | You add the spells Slow, Vampiric Draining and Confusing
                  | Touch to your library.
  1968 | D:3      | HP: 11/47 [orc priest/divine providence (15)]
  1970 | D:3      | Reached skill level 5 in Axes
  1970 | D:3      | Reached XP level 6. HP: 14/55 MP: 5/5
  2430 | D:4      | Found a sparkling altar of Nemelex Xobeh.
  2585 | D:4      | HP: 13/55 [gnoll/+0 halberd[a gnoll bouda] (10)]
  2760 | D:4      | Found a staircase to the Ecumenical Temple.
  2838 | D:4      | You pick up a book of Spectacle and begin reading...
  2838 | D:4      | You add the spells Volatile Blastmotes, Dazzling Flash,
                  | Starburst and Maxwell's Capacitive Coupling to your
                  | library.
  3038 | D:4      | Reached skill level 5 in Fighting
  3259 | D:4      | Reached skill level 5 in Shields
  3338 | D:4      | Identified the +3 short sword of the Vase {antimagic, rPois
                  | rN++ Str+3 SInv}
  3550 | D:5      | Entered Level 5 of the Dungeon
  3554 | D:5      | Found a glowing silver altar of Zin.
  3618 | D:5      | Reached skill level 5 in Armour
  3631 | D:5      | Reached * piety under Okawaru
  3632 | D:5      | Reached skill level 2 in Throwing
  3699 | D:5      | Reached XP level 7. HP: 43/61 MP: 6/6
  3943 | D:5      | Found a broken altar of Ashenzari.
  3943 | D:5      | Found an ancient bone altar of Kikubaaqudgha.
  3970 | D:5      | Reached skill level 6 in Axes
  4281 | D:5      | Found a radiant altar of Vehumet.
  5073 | D:6      | Identified the +8 spear of the Grave {heavy, Str+3 SInv}
  5150 | D:6      | Reached skill level 7 in Axes
  5150 | D:6      | Reached skill level 3 in Throwing
  5150 | D:6      | Reached XP level 8. HP: 70/70 MP: 7/7
  5192 | D:6      | Reached ** piety under Okawaru
  5193 | D:6      | Reached skill level 6 in Fighting
  5315 | D:6      | Reached skill level 6 in Shields
  5413 | D:6      | Reached skill level 6 in Armour
  5860 | D:7      | Reached skill level 8 in Axes
  6118 | D:7      | Reached skill level 4 in Throwing
  6441 | D:7      | Noticed Joseph
  6465 | D:7      | Killed Joseph
  6465 | D:7      | Reached *** piety under Okawaru
  6466 | D:7      | Reached skill level 7 in Fighting
  6466 | D:7      | Reached XP level 9. HP: 38/79 MP: 8/8
  6616 | D:7      | Reached skill level 9 in Axes
  6617 | D:7      | Reached skill level 7 in Shields
  6639 | D:7      | Reached skill level 7 in Armour
  7064 | D:8      | Found Oceqyha's One-of-a-Kind Rings.
  7135 | D:8      | Reached **** piety under Okawaru
  7136 | D:8      | Reached skill level 5 in Throwing
  7153 | D:8      | Received a gift from Okawaru
  7154 | D:8      | Reached skill level 10 in Axes
  7408 | D:8      | Noticed a troll
  7408 | D:8      | Noticed a boulder beetle
  7429 | D:8      | HP: 18/81 [troll (8)]
  7430 | D:8      | Killed a troll
  7440 | D:8      | HP: 6/81 [boulder beetle (16)]
  7696 | D:8      | HP: 11/81 [boulder beetle (21)]
  7697 | D:8      | HP: 4/81 [boulder beetle (7)]
  7732 | D:8      | HP: 1/81 [boulder beetle (15)]
  7733 | D:8      | Demolished by a boulder beetle

Vanquished Creatures
  Joseph (D:7)
  A troll (D:8)
  4 yaks (D:8)
  A wyvern (D:7)
  A steam dragon (D:7)
  A water moccasin (D:8)
  3 black bears
  2 sky beasts
  An ogre (D:6)
  A kobold brigand (D:8)
  4 bullfrogs
  A gnoll sergeant (D:7)
  4 scorpions
  A wight (D:8)
  A jelly (D:6)
  4 hounds
  A gnoll bouda (D:3)
  7 orc priests
  A sleepcap (D:5)
  5 iguanas
  Natasha (thrice) (D:2)
  3 orc wizards
  5 adders
  8 gnolls
  3 shadow imps
  3 ufetubi
  A worm (D:4)
  2 dart slugs
  13 orcs
  5 endoplasms
  7 goblins
  2 hobgoblins
  3 jackals (D:4)
  4 quokkas
  5 ball pythons
  2 bats
  2 frilled lizards (D:2)
  4 kobolds
  3 rats
123 creatures vanquished.

Vanquished Creatures (others)
  An orc wizard (D:5)
1 creature vanquished.

Grand Total: 124 creatures vanquished

Table legend:
 A = Non-vault XP
 B = Vault XP
 C = Vault XP percentage of total XP
 D = Non-vault monster count
 E = Vault monster count
 F = Vault count percentage of total count
                 A         B        C        D         E       F
            +---------+---------+-------+---------+---------+-------
      Total |    4339 |     854 |  16.4 |     120 |       4 |   3.2
            +---------+---------+-------+---------+---------+-------
        D:1 |      12 |       0 |   0.0 |       7 |       0 |   0.0
        D:2 |     140 |      33 |  19.1 |      17 |       1 |   5.6
        D:3 |     268 |       0 |   0.0 |      15 |       0 |   0.0
        D:4 |     127 |       0 |   0.0 |      18 |       0 |   0.0
        D:5 |     530 |       0 |   0.0 |      18 |       0 |   0.0
        D:6 |     650 |       0 |   0.0 |       8 |       0 |   0.0
        D:7 |    1221 |     455 |  27.1 |      23 |       1 |   4.2
        D:8 |    1391 |     366 |  20.8 |      14 |       2 |  12.5
            +---------+---------+-------+---------+---------+-------

Skill      XL: |  1  2  3  4  5  6  7  8  9 |
---------------+----------------------------+-----
Fighting       | 4 5 7 |  7.9
Axes           | 3 4 5 7 8 10 | 10.3
Armour         | 4 5 6 7 |  7.7
Shields        | 4 5 6 7 |  7.8
Throwing       | 1 2 3 4 5 |  5.3

Action                     |  1- 3 |  4- 6 |  7- 9 || total
---------------------------+-------+-------+-------++-------
  Melee: War axe           |    45 |   114 |   254 ||   413
         Headbutt          |     9 |    23 |    48 ||    80
    Use: Scroll            |       |       |    11 ||    11
         Potion            |       |       |     2 ||     2
 Armour: Scale mail        |     6 |       |       ||     6
         Plate armour      |    22 |    67 |   153 ||   242
  Dodge: Dodged            |    10 |    37 |   112 ||   159
  Block: Buckler           |    10 |    23 |    66 ||    99

Illustrated notes

Table legend:
 A = Kills in this place as a percentage of kills in the entire game.
 B = Kills by you in this place as a percentage of kills by you in the entire game.
 C = Kills by friends in this place as a percentage of kills by friends in the entire game.
 D = Other kills in this place as a percentage of other kills in the entire game.
 E = Experience gained in this place as a percentage of experience gained in the entire game.
 F = Experience gained in this place divided by the number of levels of this place that you have seen.
                   A       B       C       D       E      F
               +-------+-------+-------+-------+-------+----------------------
         Total | 100.0 | 100.0 |   N/A | 100.0 | 100.0 | 649.1
       Dungeon | 100.0 | 100.0 |   N/A | 100.0 | 100.0 | 649.1
               +-------+-------+-------+-------+-------+----------------------

Table legend: (Time is in decaauts)
 A = Elapsed time spent in this place.
 B = Non-inter-level travel time spent in this place.
 C = Inter-level travel time spent in this place.
 D = Time resting spent in this place.
 E = Time spent auto-exploring this place.
 F = Levels seen in this place.
 G = Mean time per level.
                   A        B        C        D        E       F      G
               +--------+--------+--------+--------+--------+-----+--------+
         Total |   7821 |   7621 |    200 |    373 |   5941 |   8 |  977.6 |
       Dungeon |   7821 |   7621 |    200 |    373 |   5941 |   8 |  977.6 |
               +--------+--------+--------+--------+--------+-----+--------+

Top non-repeatable levels by time:
     D:5: 1456 daAuts
     D:3: 1153 daAuts
     D:7: 1102 daAuts
     D:4: 1012 daAuts
     D:8: 895 daAuts
     D:6: 755 daAuts
     D:1: 741 daAuts
     D:2: 704 daAuts
